Map: Graystone Ravine

Players

леройдженкин

  • Race: Zerg Zerg
  • Spawn Location: 11:00

olegpetr

  • Race: Terran Terran
  • Spawn Location: 9:00

RAVi - Winner!

  • Race: Terran Terran
  • Spawn Location: 3:00

Gracz - Winner!

  • Race: Protoss Protoss
  • Spawn Location: 5:00

VOD

Have the link to the VOD?

Description

Time

  • Played on: April 2, 2016, 12:19 p.m.
  • Length: 11:00
Show
View Real Time Build Order
Export as new Build Order

леройдженкин Zerg 

Build Orders: Pool First 

Get SALT Encoding   

  12  0:03  Drone  
  13  0:27  Spawning Pool  
  12  0:35  Overlord  
  12  0:57  Overlord  
  12  1:09  Evolution Chamber  
  12  1:10  Drone  
  12  1:11  Drone  
  13  1:14  Queen  
  15  1:21  Extractor  
  14  1:28  Zergling x4  
  16  1:58  Zergling x6  
  19  2:44  Roach Warren  
  13  3:38  Roach x2  
  17  3:56  Drone x3  
  17  4:00  Hatchery  
  19  4:08  Metabolic Boost  
  19  4:22  Zergling x4  
  21  4:51  Roach x3  
  27  4:53  Spine Crawler  
  26  5:00  Lair  
  26  5:20  Drone  
  27  5:53  Spine Crawler  
  26  6:14  Queen  
  28  6:25  Extractor  
  27  6:33  Hydralisk Den, Drone  
  27  6:34  Drone x2  
  29  7:03  Hydralisk x2  
  33  7:09  Hydralisk  
  33  7:13  Overlord x2  
  25  7:50  Baneling Nest  
  24  7:57  Zergling x2  
  24  7:58  Zergling x4  
  27  8:02  Queen  
  21  8:29  Drone  
  21  8:30  Drone x2  
  24  8:36  Baneling x2  
  24  8:37  Baneling x4  
  24  8:38  Queen  
  26  9:24  Extractor  
  22  10:03  Overseer  
  20  10:18  Hydralisk  
  20  10:19  Hydralisk  
Show
View Real Time Build Order
Export as new Build Order

olegpetr Terran 

Build Orders:  

Get SALT Encoding   

  12  0:22  Supply Depot  
  12  0:35  Supply Depot  
  12  0:54  Barracks  
  12  1:44  Refinery  
  12  1:55  Marine  
  13  2:13  Marine  
  14  2:17  Refinery  
  14  2:22  SCV  
  15  2:30  Marine  
  15  2:34  SCV  
  17  2:46  SCV  
  17  2:48  Reaper  
  19  2:58  SCV  
  20  3:24  Marine  
  21  3:42  Marine  
  22  4:00  Marine  
  23  4:11  Command Center  
  23  4:13  SCV  
  24  4:18  Marine  
  25  4:25  SCV  
  25  4:28  Bunker  
  26  4:35  Marine  
  26  4:37  SCV  
  28  4:40  Factory  
  28  4:49  SCV  
  29  4:53  Marine  
  30  5:01  SCV  
  31  5:23  Marine, SCV  
  33  5:30  Barracks  
  33  5:35  SCV  
  34  5:41  Marine  
  35  5:47  SCV  
  35  5:49  Orbital Command  
  36  5:58  Marine  
  37  6:10  Engineering Bay  
  37  6:16  Marine  
  38  6:34  Marine  
  39  6:48  Marine  
  39  6:52  Marine  
  41  6:59  Widow Mine  
  43  7:06  Marine  
  35  7:24  Marine  
  35  7:27  Widow Mine  
  35  7:29  Terran Infantry Weapons Level 1  
  34  7:36  Marine  
  35  7:42  Marine  
  36  7:53  Marine  
  36  7:56  Widow Mine  
  39  7:59  Marine  
  40  8:11  Marine  
  41  8:17  Marine  
  42  8:25  Widow Mine  
  44  8:29  Marine  
  45  8:35  Marine  
  46  8:56  Supply Depot  
  46  9:17  Marine  
  33  10:10  Factory Tech Lab  
  33  10:21  Marine  
  33  10:24  Marine  
  30  10:39  Marine  
Show
View Real Time Build Order
Export as new Build Order

RAVi Terran - Winner!

Build Orders:  

Get SALT Encoding   

  12  0:01  SCV  
  13  0:13  SCV  
  14  0:21  Supply Depot  
  14  0:25  SCV  
  15  0:34  Refinery  
  15  0:42  SCV  
  16  0:46  Barracks  
  16  0:54  SCV  
  17  1:08  Supply Depot, SCV  
  18  1:32  Orbital Command  
  18  1:36  Marine  
  19  1:56  Command Center  
  19  1:58  Marine  
  19  2:00  SCV  
  21  2:11  Factory  
  21  2:17  Marine  
  22  2:28  SCV  
  23  2:32  Bunker  
  23  2:40  SCV  
  24  2:49  Barracks Tech Lab  
  24  2:56  Starport  
  24  2:57  Factory Tech Lab  
  23  3:19  SCV  
  23  3:32  SCV  
  23  3:37  Marine  
  23  3:41  Siege Tank  
  27  3:42  Starport Reactor  
  27  3:47  Barracks  
  27  3:52  Barracks  
  27  3:53  SCV  
  27  3:54  Engineering Bay x2  
  28  3:57  Orbital Command  
  28  4:00  Marine  
  29  4:06  SCV  
  30  4:13  Stimpack  
  30  4:25  SCV  
  30  4:28  Refinery  
  30  4:31  SCV  
  32  4:35  Refinery  
  32  4:36  Refinery  
  32  4:37  SCV  
  33  4:43  SCV  
  34  4:49  Marine  
  34  4:50  Barracks Reactor  
  34  4:51  Barracks Reactor  
  35  5:02  Barracks  
  35  5:04  Barracks  
  35  5:07  Marine  
  35  5:12  SCV  
  37  5:15  SCV  
  38  5:24  Marine  
  38  5:27  SCV  
  40  5:31  Terran Infantry Weapons Level 1  
  40  5:32  Supply Depot, Terran Infantry Armor Level 1  
  40  5:34  Supply Depot  
  40  5:35  Marine  
  40  5:38  Marine  
  40  5:39  SCV  
  40  5:42  Medivac, Marine  
  46  5:53  Medivac, Supply Depot, SCV x2  
  46  5:55  Missile Turret  
  50  5:59  Missile Turret  
  50  6:04  Barracks Reactor x2  
  50  6:05  Marine, SCV  
  50  6:06  Missile Turret  
  52  6:18  SCV  
  53  6:22  Marine  
  53  6:23  Marine x2  
  53  6:24  Siege Tank  
  59  6:43  SCV  
  59  6:46  SCV  
  61  6:55  SCV  
  61  6:56  Marine x3  
  61  6:57  Marine  
  61  6:58  SCV  
  67  7:08  SCV  
  68  7:10  SCV  
  68  7:22  SCV  
  64  7:33  Marine x5  
  64  7:34  Marine  
  70  7:51  Supply Depot x2  
  70  7:52  Armory  
  70  7:55  Liberator x2  
  70  8:09  Marine  
  70  8:10  SCV  
  70  8:12  Marine x4  
  70  8:13  Siege Tank  
  81  8:24  Command Center  
  81  8:31  SCV  
  81  8:33  Marine x3, SCV  
  86  8:39  Armory  
  86  8:42  Supply Depot  
  86  8:45  Supply Depot  
  86  8:49  Liberator x2  
  86  9:04  Marine x4, Siege Tank, SCV  
  86  9:05  Supply Depot  
  86  9:06  Marine, Supply Depot, SCV  
  102  9:12  Supply Depot  
  102  9:16  Supply Depot  
  102  9:26  SCV  
  103  9:36  Siege Tank  
  106  9:40  Marine  
  106  9:41  Marine x8  
  115  9:58  Marine  
  115  9:59  Marine x5  
  118  10:01  Medivac  
  118  10:02  Medivac, Marine  
  118  10:03  Marine  
  124  10:08  Siege Tank  
  124  10:09  Orbital Command  
  127  10:19  Marine x7  
  127  10:20  Marine x2  
  136  10:36  Marine  
  136  10:37  Marine x5  
Show
View Real Time Build Order
Export as new Build Order

Gracz Protoss - Winner!

Build Orders:  

Get SALT Encoding   

  12  0:03  Probe (Chrono Boost)  
  13  0:13  Probe (Chrono Boost)  
  14  0:23  Assimilator  
  14  0:24  Probe (Chrono Boost)  
  15  0:30  Pylon  
  15  0:37  Assimilator  
  15  0:50  Probe (Chrono Boost)  
  16  1:00  Pylon  
  16  1:01  Probe (Chrono Boost)  
  17  1:11  Probe (Chrono Boost)  
  18  1:26  Gateway  
  18  1:31  Gateway  
  18  1:37  Pylon  
  18  1:48  Probe (Chrono Boost)  
  19  1:59  Gateway  
  19  2:10  Forge  
  19  2:22  Pylon  
  19  2:29  Zealot x2  
  23  2:41  Cybernetics Core  
  23  2:54  Pylon  
  23  3:04  Pylon, Zealot  
  25  3:43  Gateway  
  25  3:45  Warp Gate (Chrono Boost)  
  25  3:48  Protoss Ground Weapons Level 1, Mothership Core  
  27  4:07  Photon Cannon  
  27  4:09  Probe  
  28  4:16  Photon Cannon  
  28  4:24  Stalker  
  30  4:50  Twilight Council  
  30  5:01  Stargate  
  30  5:14  Stargate  
  30  5:15  Stargate  
  30  5:25  Stalker  
  32  5:43  Stargate  
  32  6:00  Stargate  
  32  6:11  Gateway  
  32  6:12  Gateway  
  20  7:44  Void Ray x4  
  36  8:06  Nexus  
  36  8:15  Assimilator  
  36  8:23  Pylon  
  36  8:31  Pylon  
  36  8:48  Probe  
  36  8:50  Pylon  
  37  9:00  Probe  
  38  9:17  Pylon  
  38  9:26  Stargate  
  38  9:27  Probe  
  39  9:38  Probe  
  39  9:42  Probe  
  41  9:48  Probe  
  42  9:54  Probe  
  42  9:59  Probe  
Tags
 
Add a new tag
Caveats
  • Supply blocks, unpowered buildings, or Contaminate may cause inaccurate times.
  • Supply counts are checked every 10 seconds.